 Dungeon Crawl Stone Soup version 0.29.1-15-g9cfb28693d (webtiles) character file.

Game seed: 7366007598232950648

9 Alturiack the Vexing (level 2, 16/16 HPs)
             Began as a Deep Elf Arcane Marksman on Apr 10, 2023.
             Got out of the dungeon alive.
             The game lasted 00:02:37 (409 turns).

Alturiack the Vexing (Deep Elf Arcane Marksman)      Turns: 409, Time: 00:02:37

Health: 16/16      AC:  2    Str:  7    XL:     2   Next: 6%
Magic:  7/7        EV: 13    Int: 17    God:
Gold:   0          SH:  0    Dex: 15    Spells: 4/5 levels left

rFire   . . .      SeeInvis .   a - +1 sling
rCold   . . .      Faith    .   (no shield)
rNeg    . . .      Spirit   .   c - +0 robe
rPois   .          Reflect  .   (no helmet)
rElec   .          Harm     .   (no cloak)
rCorr   .          Rampage  .   (no gloves)
Will    .....                   (no boots)
Stlth   +.........              (no amulet)
HPRegen 0.05/turn               (no ring)
MPRegen 0.10/turn               (no ring)

@: no status effects
A: no striking features
a: no special abilities


You escaped.
You visited 1 branch of the dungeon, and saw 1 of its levels.

Inventory:

Hand Weapons
 a - a +1 sling (weapon)
Armour
 c - a +0 robe (worn)
Scrolls
 b - a scroll of poison
 d - 2 scrolls of magic mapping {unknown}
 f - a scroll of teleportation {unknown}
 g - a scroll of amnesia {unknown}
Potions
 e - 2 potions of degeneration {unknown}


   Skills:
 - Level 0.7 Fighting
 * Level 3.0 Ranged Weapons
 * Level 2.7 Dodging
 * Level 2.0 Spellcasting
 * Level 4.2 Hexes


You had 4 spell levels left.
You knew the following spells:

 Your Spells              Type           Power      Damage    Failure   Level
a - Slow                  Hex            64%        N/A       3%          1

Your spell library contained the following spells:

 Spells                   Type           Power      Damage    Failure   Level
 Inner Flame              Hex/Fire       8%         N/A       24%         3
 Portal Projectile        Hex/Tloc       16%        N/A       24%         3
 Cause Fear               Hex            8%         N/A       34%         4


Dungeon Overview and Level Annotations

Branches:
Dungeon (1/15)

Altars:

Shops:
D:1 *


Message History

You shoot a sling bullet.
The sling bullet closely misses the bat.
The bat closely misses you.
Fire: a) +1 sling
Press: ? - help, Q - select action, (/) - cycle Shift-Dir - straight line, f/p - bat
Aim: a bat (42% to hit)
You shoot a sling bullet. The sling bullet hits the bat.
The bat is severely wounded.
The bat misses you.
A bat is nearby!
Fire: a) +1 sling
Press: ? - help, Q - select action, (/) - cycle Shift-Dir - straight line, f/p - bat
Aim: a bat (moderately wounded, 42% to hit)
You shoot a sling bullet.
The sling bullet hits the bat but does no damage.
The bat is moderately wounded.
The bat hits you but does no damage. The bat closely misses you.
Fire: a) +1 sling
Press: ? - help, Q - select action, (/) - cycle Shift-Dir - straight line, f/p - bat
Aim: a bat (moderately wounded, 42% to hit)
You shoot a sling bullet. The sling bullet hits the bat!
You kill the bat!
You see here a bat corpse.
f - a scroll labelled VOOXYKH WOTHROI Fire: a) +1 sling
Press: ? - help, Q - select action, (/) - cycle Shift-Dir - straight line, f - you
Okay, then.
d - 2 scrolls labelled SURYLO ALIXYTS (gained 1)
g - a scroll labelled WENOYSM TEGIT You see here a bat corpse.
There is a staircase leading out of the dungeon here.
You can't go down here!
Are you sure you want to leave the Dungeon?
This will make you lose the game!
Uppercase [Y]es or [N]o only, please.
Are you sure you want to leave the Dungeon?
This will make you lose the game!
Alright, then stay!
There is a staircase leading out of the dungeon here.
There is a staircase leading out of the dungeon here.
Are you sure you want to leave the Dungeon?
This will make you lose the game!
You have escaped!

#.#.#.#.#.#.#.#.†..#...#
#...............##......#
......#..........#.##...#
#.......#.......##.######
.....#....#......#.# #
#...........#...##.# #
....#.#.#.#...#..#.######
##...............##.##....
#...#..#.@.#).#...#.##....
##...............##.##.... ..
#..#...#.#.#.#....#. ##### ..
##...#...........##.######
#..#......#....#.....#......# #
#..##.......#.......##......# #.
#..#..........#......#......#
#.###..##...............##......#
.........#.#.#.#.#.#.#.#...####..


There were no monsters in sight!

Vanquished Creatures
  A giant cockroach (D:1)
  A hobgoblin (D:1)
  4 ball pythons (D:1)
  A bat (D:1)
  A frilled lizard (D:1)
  A kobold (D:1)
  2 rats (D:1)
11 creatures vanquished.

Notes
Turn   | Place    | Note
-------+----------+-------------------------------------------
     0 | D:1      | Alturiack the Deep Elf Arcane Marksman began the quest for
                  | the Orb.
     0 | D:1      | Reached XP level 1. HP: 11/11 MP: 5/5
   199 | D:1      | Found Seeluemp's General Store.
   330 | D:1      | Reached XP level 2. HP: 14/16 MP: 7/7
   409 | D:$      | Got out of the dungeon alive.

Illustrated notes

Levels and vault maps discovered:
D:1:      co_arrival_square_in_a_square_in_a_square, layout_basic, serial_shops,
          shop, ebering_ecumenical_altar_box

Skill      XL: |  1 |
---------------+----+-----
Ranged Weapons | 3 |  3.0
Spellcasting   | 2 |  2.0
Fighting       | |  0.7
Dodging        | |  2.7
Hexes          | |  4.2

Action                   || total
-------------------------++-------
 Fire: Sling             ||    33
 Cast: Slow              ||     2
Armor: Robe              ||     3
Dodge: Dodged            ||    14
